[Event "*** Titled Tuesday Blitz"]
[Site "Chess.com"]
[Date "2020.10.27"]
[Round "3"]
[White "Semetey"]
[Black "Generalas"]
[Result "1-0"]
[WhiteElo "2559"]
[BlackElo "2351"]
[TimeControl "180+1"]
[EndTime "10:26:51 PDT"]
[Termination "Semetey won by resignation"]

1. e4 e5 2. Nc3 Nf6 3. Bc4 Nxe4 4. Bxf7+ Kxf7 5. Nxe4 d5 6. Ng3 Nc6 7. d3 Be7 8. Nf3 Rf8 9. Qe2 Kg8 10. h3 Bd6 11. Bd2 e4 12. dxe4 Bxg3 13. fxg3 dxe4 14.
Ng5 Nd4 15. Qc4+ Kh8 16. O-O-O b5 17. Nf7+ Rxf7 18. Qxf7 Be6 19. Qf2 Bxa2 20. Be3 c5 21. Bxd4 cxd4 22. Rxd4 Qb6 23. Rf1 Re8 24. b3 Qc5 25. Kb2 e3 26. Qxe3 1-0

[Event "*** Titled Tuesday Blitz"]
[Site "Chess.com"]
[Date "2020.10.27"]
[Round "3"]
[White "Matols"]
[Black "KarstenHansch"]
[Result "0-1"]
[WhiteElo "2236"]
[BlackElo "2472"]
[TimeControl "180+1"]
[EndTime "10:26:52 PDT"]
[Termination "KarstenHansch won by resignation"]

1. d4 Nf6 2. c4 g6 3. g3 Bg7 4.
Bg2 O-O 5. Nf3 c5 6. d5 b5 7.
cxb5 a6 8. bxa6 Bxa6 9. O-O d6 10. Nc3 Nbd7 11. Rb1 Qa5 12. Bd2 Rfb8 13. b3 Qc7 14. Qc2 Nb6 15. Ne1 c4 16. b4 Bb7 17.
e4 Qd7 18. b5 Ra3 19. Nf3 Rba8 20. Nd4 Nfxd5 21. exd5 Bxd4 22. Rfe1 Bxc3 23. Bxc3 Rxa2 24. Qe4 Nxd5 25. Bd4 e5 26. Ba1 f5 27. Qxc4 Qf7 28.
Red1 Kg7 29. f4 Rxg2+ 0-1

[Event "*** Titled Tuesday Blitz"]
[Site "Chess.com"]
[Date "2020.10.27"]
[Round "3"]
[White "Marina_Chess_Rus"]
[Black "GalperinPlaton"]
[Result "0-1"]
[WhiteElo "2279"]
[BlackElo "2827"]
[TimeControl "180+1"]
[EndTime "10:26:54 PDT"]
[Termination "GalperinPlaton won by resignation"]

1. d4 Nf6 2. Nf3 b5 3. Bg5 Bb7 4. e3 a6 5. Bd3 e6 6. Nbd2 Be7 7.
O-O O-O 8. c4 b4 9. Qc2 h6 10. Bh4 c5 11. Rad1 Qc7 12. e4 cxd4 13. Nxd4 Nc6 14. N4f3 a5 15. Rfe1 d6 16. Bg3 Qb6 17. b3 a4 18. e5 dxe5 19. Nxe5 Nd4 20. Qb1 Rfd8 21. Ne4 Nxe4 22. Bxe4 Bc5 23. Bxb7 Qxb7 24.
Rd3 axb3 25. axb3 f6 26. Ng6 Ne2+ 27. Kh1 Nc3 28. Rxd8+ Rxd8 29. Qc2 e5 30. f3 Qd7 31. h3 Qd3 32. Qxd3 Rxd3 33. Ra1 Kf7 34. Nh4 Ne2 35.
Be1 Rxb3 36. Nf5 Nd4 37. Nxd4 Bxd4 38. Rc1 Bc5 39. Kh2 Rd3 40. Ra1 b3 41. Ra5 b2 42.
Rb5 Bd4 43. Ba5 Rd1 44. Bb6 b1=Q 0-1

[Event "*** Titled Tuesday Blitz"]
[Site "Chess.com"]
[Date "2020.10.27"]
[Round "3"]
[White "djano"]
[Black "katchesskat"]
[Result "1-0"]
[WhiteElo "2467"]
[BlackElo "2234"]
[TimeControl "180+1"]
[EndTime "10:26:55 PDT"]
[Termination "djano won by resignation"]

1. d4 c5 2. c3 e6 3. Nf3 Nf6 4.
Bf4 b6 5. Nbd2 Bb7 6. e3 h6 7. h3 d6 8. Nh2 g5 9. Bg3 Nbd7 10.
Nhf3 Qc7 11. Nc4 b5 12. Na3 a6 13. Nc2 Be7 14. dxc5 Nxc5 15. h4 Nce4 16. Bh2 Ng4 17. Bg1 O-O-O 18. Nd2 gxh4 19. Qxg4 Nxd2 20. Kxd2 f5 21. Qe2 e5 22. Rd1 Bd5 23. Nb4 Bb7 24. Kc1 a5 25. Nd5 Bxd5 26. Rxd5 b4 27. Qa6+ Kd7 28.
Qxa5 Qxa5 29. Rxa5 bxc3 30. bxc3 Rb8 31. g3 hxg3 32.
fxg3 Ke6 33. Bf2 Bg5 34. Kc2 Rhc8 35. e4 fxe4 36. Bh3+ Kf6 37. Bxc8 Rxc8 38. Re1 Kf5 39. Be3 Ke6 40. Bxg5 hxg5 41. Rxe4 d5 42. Rb4 e4 43. Rb6+ Ke5 44. Rbb5 Rd8 45. c4 1-0

[Event "*** Titled Tuesday Blitz"]
[Site "Chess.com"]
[Date "2020.10.27"]
[Round "3"]
[White "Benjoneliere44"]
[Black "GOGIEFF"]
[Result "0-1"]
[WhiteElo "2668"]
[BlackElo "2884"]
[TimeControl "180+1"]
[EndTime "10:26:58 PDT"]
[Termination "GOGIEFF won by resignation"]

1. d4 Nf6 2. Bf4 c5 3. c3 Qb6 4. Qb3 cxd4 5. Qxb6 axb6 6. cxd4 Nc6 7. Nf3 Nd5 8. Bd2 Ndb4 9. Kd1 d5 10. a3 Bf5 11.
Nc3 Bc2+ 12. Kc1 Bb3 13. e3 e6 14. Bb5 Bd6 15. Rb1 Na2+ 16. Nxa2 Bxa2 17. Ra1 Bc4 18.
Bxc4 dxc4 19. Kc2 b5 20. Bc3 O-O 21. Rhd1 Ne7 22. e4 Rfd8 23. g3 h6 24. Bb4 Nc6 25.
Bxd6 Rxd6 26. Kc3 Na5 27. a4 Nb3 28. Ra3 bxa4 29. d5 b5 30. Nd4 Rb8 31. Kb4 exd5 32.
Nxb5 d4 33. Rxa4 Rdb6 34. Kxc4 Rxb5 0-1

[Event "*** Titled Tuesday Blitz"]
[Site "Chess.com"]
[Date "2020.10.27"]
[Round "3"]
[White "Mazetovic"]
[Black "TheChessChannel"]
[Result "1-0"]
[WhiteElo "2752"]
[BlackElo "2451"]
[TimeControl "180+1"]
[EndTime "10:26:58 PDT"]
[Termination "Mazetovic won by checkmate"]

1. e4 e6 2. Nf3 d5 3. e5 c5 4. b4 d4 5. bxc5 Bxc5 6. Ba3 Qa5 7. Bxc5 Qxc5 8. Qe2 Nc6 9. c3 Bd7 10. Qc4 Qxc4 11.
Bxc4 dxc3 12. Nxc3 Nge7 13. O-O O-O 14. Rfc1 Nf5 15. Nb5 a6 16. Nd6 Nxd6 17. exd6 Rfd8 18. d4 Na5 19. Be2 Bc6 20. Rc5 b6 21. Rc3 Rxd6 22. Ne5 Rad8 23. Rac1 Bd5 24. Rc7 f6 25. Nf7 Bxa2 26.
Nxd8 Rxd8 27. Rc8 Rxc8 28. Rxc8+ Kf7 29. Bxa6 Ke7 30. Rc7+ Kd6 31. Rxg7 b5 32. Bxb5 Bb1 33.
h4 Nb3 34. Rd7# 1-0

[Event "*** Titled Tuesday Blitz"]
[Site "Chess.com"]
[Date "2020.10.27"]
[Round "3"]
[White "mc4chess"]
[Black "Chernobay_Artem"]
[Result "0-1"]
[WhiteElo "2388"]
[BlackElo "2601"]
[TimeControl "180+1"]
[EndTime "10:27:01 PDT"]
[Termination "Chernobay_Artem won by resignation"]

1. Nf3 f5 2. d3 d6 3. g3 e5 4.
Bg2 Nf6 5. O-O Be7 6. Nbd2 O-O 7.
e4 fxe4 8. dxe4 Nc6 9. c3 Kh8 10.
Qb3 Qe8 11. Ng5 Nd8 12. f4 exf4 13. gxf4 Nh5 14. Nc4 Ne6 15. Nxe6 Bxe6 16. f5 Bg8 17. a4 c6 18. a5 Rb8 19. Rd1 b5 20. axb6 axb6 21.
Qb4 c5 22. Qa4 b5 23. Qa7 bxc4 24. e5 dxe5 25. Rd7 Bf6 26. Be3 Rxb2 27. Bxc5 Nf4 28. Be4 Qh5 29. Bf2 Nh3+ 30. Kg2 Qg4+ 0-1

[Event "*** Titled Tuesday Blitz"]
[Site "Chess.com"]
[Date "2020.10.27"]
[Round "3"]
[White "LiamVrolijk"]
[Black "Shota_Azaladze"]
[Result "1-0"]
[WhiteElo "2828"]
[BlackElo "2643"]
[TimeControl "180+1"]
[EndTime "10:27:02 PDT"]
[Termination "LiamVrolijk won by resignation"]

1. d4 Nf6 2. c4 g6 3. Nc3 d5 4. cxd5 Nxd5 5. e4 Nxc3 6. bxc3 Bg7 7. Nf3 c5 8. Rb1 Nc6 9. d5 Ne5 10. Nxe5 Bxe5 11. Bb5+ Bd7 12. O-O O-O 13. Bxd7 Qxd7 14. c4 Bd4 15. Bb2 e5 16. Bxd4 cxd4 17. f4 f6 18. c5 Rac8 19. fxe5 fxe5 20. Rxf8+ Kxf8 21.
Qc1 Kg8 22. Qg5 Qc7 23. d6 Qg7 24. Rf1 h6 25. Qg4 Rf8 26. Qe6+ Kh8 27. Rxf8+ Qxf8 28. Qxe5+ Kh7 29. Qe7+ Kg8 30. Qxf8+ Kxf8 31. Kf2 Kf7 32. Ke2 Ke6 33. Kd3 b6 34. cxb6 axb6 35. e5 b5 36. Kxd4 1-0

[Event "*** Titled Tuesday Blitz"]
[Site "Chess.com"]
[Date "2020.10.27"]
[Round "3"]
[White "garicradomir"]
[Black "juancruzarias"]
[Result "1-0"]
[WhiteElo "2327"]
[BlackElo "2525"]
[TimeControl "180+1"]
[EndTime "10:27:04 PDT"]
[Termination "garicradomir won by checkmate"]

1. e4 e6 2. d4 d5 3. Nc3 Nf6 4. Bg5 Bb4 5. e5 h6 6. Bd2 Bxc3 7. bxc3 Ne4 8. Qg4 Kf8 9. Bd3 Nxd2 10. Kxd2 c5 11. h4 Qa5 12. dxc5 Nc6 13. Nf3 Qxc5 14.
h5 Bd7 15. Rab1 b6 16. Rhe1 Rc8 17. Nd4 Nxd4 18. cxd4 Qc3+ 19. Ke3 Ba4 20. Re2 Qa3 21.
f4 Rxc2 22. f5 Rxe2+ 23. Kxe2 exf5 24. Qxf5 Qe7 25. Rf1 Bd7 26. Qf4 Be6 27. Qc1 Ke8 28. Qc6+ Qd7 29. Qa8+ Qc8 30. Qxa7 Bg4+ 31. Ke3 Bxh5 32.
g4 Qxg4 33. Qb8+ Kd7 34. Qd6+ Kc8 35. Ba6# 1-0

[Event "*** Titled Tuesday Blitz"]
[Site "Chess.com"]
[Date "2020.10.27"]
[Round "3"]
[White "PawnEatingZombie"]
[Black "Bodnar_Mykola"]
[Result "0-1"]
[WhiteElo "2174"]
[BlackElo "2377"]
[TimeControl "180+1"]
[EndTime "10:27:07 PDT"]
[Termination "Bodnar_Mykola won by resignation"]

1. d4 Nf6 2. c4 e6 3. Nc3 d5 4.
cxd5 exd5 5. Bg5 Bb4 6. e3 O-O 7. Bd3 c5 8. Ne2 Nc6 9. dxc5 Be6 10. O-O Bxc5 11. Rc1 Bb6 12. Nb5 h6 13. Bh4 Re8 14. Nbd4 Bd7 15. Bb1 g5 16. Bg3 Ne4 17. Nxc6 bxc6 18.
Nd4 Rc8 19. Qd3 c5 20. Nf3 Bf5 21. Qa6 Qd7 22. Rfd1 d4 23. exd4 cxd4 24. Rxc8 Rxc8 25. Ne5 Qd5 26. Nd3 Re8 27. Nb4 Qa8 28. Qc4 Nd2 29. Bxf5 Nxc4 0-1

[Event "*** Titled Tuesday Blitz"]
[Site "Chess.com"]
[Date "2020.10.27"]
[Round "3"]
[White "TomasKapitanchuk"]
[Black "obliviate12"]
[Result "0-1"]
[WhiteElo "2441"]
[BlackElo "2726"]
[TimeControl "180+1"]
[EndTime "10:27:08 PDT"]
[Termination "obliviate12 won by resignation"]

1. e4 g6 2. d4 Nf6 3. Nc3 d5 4. e5 Nh5 5. g4 Ng7 6. Bg2 c5 7. Nxd5 cxd4 8. Qxd4 Nc6 9. Qe4 h5 10. h3 Ne6 11. Be3 Bg7 12. f4 Nc7 13. O-O-O Nxd5 14. Rxd5 Qc7 15. Nf3 hxg4 16. hxg4 Rxh1+ 17. Bxh1 Bxg4 18. Nh4 e6 19. Rd6 Rd8 20. Bc5 Rxd6 21. Bxd6 Qb6 22. b3 Qf2 23. Qc4 Qe1+ 24. Kb2 Qxh1 25. Qb5 Qd5 26.
Qxb7 Qxd6 27. Qc8+ Nd8 0-1

[Event "*** Titled Tuesday Blitz"]
[Site "Chess.com"]
[Date "2020.10.27"]
[Round "3"]
[White "Sharpchess22"]
[Black "r31415"]
[Result "1-0"]
[WhiteElo "2763"]
[BlackElo "2452"]
[TimeControl "180+1"]
[EndTime "10:27:10 PDT"]
[Termination "Sharpchess22 won on time"]

1. c4 Nf6 2. Nc3 e5 3. Nf3 Nc6 4. e4 Bb4 5. d3 O-O 6. a3 Bxc3+ 7. bxc3 d6 8. g3 Nd7 9. Nh4 Nc5 10. Bg2 Ne6 11.
O-O b6 12. Be3 Ba6 13. Kh1 Ne7 14. f4 f6 15. f5 Nc5 16. d4 Nd7 17. Qa4 Bb7 18.
Rae1 a5 19. Bd2 Qc8 20. Nf3 Bc6 21. Qc2 Qa6 22. Qa2 Kh8 23. g4 Rab8 24. a4 Ba8 25. g5 c5 26. d5 Qc8 27. Nh4 Ng8 28. Rf3 Qe8 29. Rh3 Ne7 30. Bf3 Kg8 31. Rg1 Rb7 32. gxf6 Nxf6 33. Bh6 Nc8 34. Qg2 Qf7 35. Rg3 Ne8 36. Qh3 Qf6 37. Bg5 Qf7 38. Be3 Re7 39.
Ng6 hxg6 40. fxg6 1-0

[Event "*** Titled Tuesday Blitz"]
[Site "Chess.com"]
[Date "2020.10.27"]
[Round "3"]
[White "Andrakhanova"]
[Black "Borsuk_Konstantin"]
[Result "0-1"]
[WhiteElo "2242"]
[BlackElo "2566"]
[TimeControl "180+1"]
[EndTime "10:27:10 PDT"]
[Termination "Borsuk_Konstantin won by resignation"]

1. c4 e6 2. g3 h5 3. h4 Be7 4. d4 d5 5. cxd5 exd5 6. Bg2 c6 7. Nf3 Bg4 8. Nc3 Nd7 9. Bf4 Qb6 10. Qd2 Ngf6 11.
Ne5 Nxe5 12. dxe5 Nd7 13. O-O Be6 14. e4 d4 15. Na4 Qb4 16. Qxb4 Bxb4 17. a3 Be7 18. b4 a5 19. Rfb1 axb4 20. axb4 O-O 21. b5 c5 22. b6 Ra6 23. Bf1 c4 24. Rc1 d3 25. Be3 Rfa8 26. f4 Rxa4 27. Rxa4 Rxa4 28. f5 Nxe5 29. fxe6 fxe6 30. Bh3 Ng4 31. Bxg4 hxg4 32.
Bd4 Bd6 33. e5 Bf8 34. Kf2 g6 35. Be3 Ra2+ 36. Kf1 Rc2 37. Rxc2 dxc2 38. Ke2 Ba3 0-1

[Event "*** Titled Tuesday Blitz"]
[Site "Chess.com"]
[Date "2020.10.27"]
[Round "3"]
[White "ShahMatKanal"]
[Black "Firouzja2003"]
[Result "0-1"]
[WhiteElo "2473"]
[BlackElo "3063"]
[TimeControl "180+1"]
[EndTime "10:27:12 PDT"]
[Termination "Firouzja2003 won by resignation"]

1. d4 a6 2. Nf3 b5 3. g3 Bb7 4. Bg2 e6 5. O-O c5 6. c3 cxd4 7. cxd4 Nf6 8. Nc3 Be7 9. a3 O-O 10. Qd3 d5 11. Ne5 Nbd7 12. Bf4 Nb6 13. Rac1 Rc8 14. Rc2 Nc4 15. e3 Ne8 16. h4 Ned6 17. Nxc4 bxc4 18. Qe2 Nb5 19. h5 Nxc3 20. Rxc3 Qb6 21.
g4 a5 22. h6 g6 23. Rd1 Rfd8 24.
Rd2 a4 25. Qf3 Bc6 26. Qg3 Rd7 27. g5 Rb7 28. Be5 Qd8 29. f4 Rb3 30. Rxb3 axb3 31. Rd1 Ba4 32. e4 c3 33. bxc3 b2 34. Rb1 Bxa3 35. c4 Bc2 36. Qxa3 Bxb1 37. Qxb2 Bxe4 38. Bxe4 dxe4 39. Qe2 Qa5 40. d5 exd5 41. cxd5 Qxd5 42. Kf2 Qd3 43. Qxd3 exd3 44. Ke3 Rd8 45. Bf6 Rd7 46. Bc3 Kf8 47. Bb4+ Ke8 48. Kd2 Rd5 49. Bc3 Kd7 50. Be5 Ke6 51. Bc7 Kf5 52. Bb8 Rd4 53. Bc7 Rxf4 54. Bxf4 Kxf4 55. Kxd3 Kxg5 56. Ke3 Kxh6 0-1

[Event "*** Titled Tuesday Blitz"]
[Site "Chess.com"]
[Date "2020.10.27"]
[Round "3"]
[White "Gerodot71"]
[Black "m-garcett"]
[Result "1-0"]
[WhiteElo "2486"]
[BlackElo "2058"]
[TimeControl "180+1"]
[EndTime "10:27:14 PDT"]
[Termination "Gerodot71 won by resignation"]

1. d4 Nf6 2. c4 g6 3. Nc3 Bg7 4.
e4 d6 5. Be2 O-O 6. Be3 Nc6 7.
d5 Ne5 8. f4 Neg4 9. Bd2 e5 10. h3 Nh6 11. fxe5 Nd7 12. Nf3 Nxe5 13. O-O Nxf3+ 14. Bxf3 f5 15. Qc2 a6 16. Rae1 Qh4 17. Qc1 f4 18. Ne2 g5 19. Bc3 g4 20. hxg4 Bxg4 21. Bxg7 Kxg7 22. Qc3+ Kg8 23. Nd4 Bxf3 24.
Nxf3 Qg3 25. e5 Ng4 26. exd6 cxd6 27. Re7 Rf7 28. Rxf7 Kxf7 29. Ne5+ dxe5 30. Qxg3 1-0

[Event "*** Titled Tuesday Blitz"]
[Site "Chess.com"]
[Date "2020.10.27"]
[Round "3"]
[White "davigator"]
[Black "arminmusovic"]
[Result "0-1"]
[WhiteElo "2384"]
[BlackElo "2590"]
[TimeControl "180+1"]
[EndTime "10:27:15 PDT"]
[Termination "arminmusovic won by resignation"]

1. e4 c6 2. d4 d5 3. e5 c5 4.
Nf3 Nc6 5. Bb5 Bg4 6. dxc5 e6 7. b4 a6 8. Ba4 Ne7 9. h3 Bxf3 10. Qxf3 Ng6 11.
Qe2 Qh4 12. a3 Qd4 13. c3 Qxe5 14. Be3 Be7 15. Bd4 Qxe2+ 16. Kxe2 e5 17. Be3 O-O 18. Bxc6 bxc6 19. Nd2 f5 20. f3 Rfe8 21. Nb3 Bh4 22. Na5 d4 23. Bd2 Nf4+ 24. Kf1 dxc3 25. Bxc3 Nh5 26.
Rg1 Ng3+ 27. Ke1 Ne4+ 28. Kf1 Nxc3 29. g3 Bf6 30. Nxc6 e4 31. Re1 Rac8 32. Na5 exf3 33. c6 Rxe1+ 34. Kxe1 f2+ 35. Kxf2 Bd4+ 36. Kg2 Bxg1 37.
Kxg1 Nb5 38. a4 Na7 39. Nc4 Rxc6 40. Ne3 Rb6 41. b5 axb5 42. axb5 Rxb5 43. Kf2 g6 44. Kf3 Kg7 45. h4 Nc6 46. Nc2 Ne5+ 47. Kf4 Kf6 48. Nd4 Rb4 49. Ke3 Ng4+ 50. Kd3 Rxd4+ 51. Kxd4 h6 52.
Kd3 Ke5 53. Ke2 Ke4 0-1

[Event "*** Titled Tuesday Blitz"]
[Site "Chess.com"]
[Date "2020.10.27"]
[Round "3"]
[White "annamaja"]
[Black "canary2016"]
[Result "1-0"]
[WhiteElo "2301"]
[BlackElo "1959"]
[TimeControl "180+1"]
[EndTime "10:27:17 PDT"]
[Termination "annamaja won by checkmate"]

1. e4 e5 2. Nf3 Nf6 3. Nxe5 d6 4. Nf3 Nxe4 5. d3 Nf6 6. d4 d5 7. Bd3 Bd6 8. O-O O-O 9. h3 h6 10. c3 c6 11. Nbd2 Nbd7 12. Re1 Qc7 13. Nf1 Rd8 14. Ne3 Nf8 15. Nf5 Bxf5 16. Bxf5 Re8 17. Be3 Ne6 18. Qd2 Rad8 19. Bxh6 Ne4 20. Bxe4 dxe4 21. Rxe4 gxh6 22. Qxh6 Ng7 23. Rxe8+ Rxe8 24. Ng5 Nf5 25. Qh7+ Kf8 26. Qh8+ Ke7 27. Re1+ Be5 28. Rxe5+ Qxe5 29. Qxe5+ Kf8 30. Qxf5 Re1+ 31. Kh2 Re6 32. Qxf7# 1-0

[Event "*** Titled Tuesday Blitz"]
[Site "Chess.com"]
[Date "2020.10.27"]
[Round "3"]
[White "Semen_Khanin"]
[Black "ArjunErigaisi2003"]
[Result "1-0"]
[WhiteElo "2761"]
[BlackElo "2991"]
[TimeControl "180+1"]
[EndTime "10:27:18 PDT"]
[Termination "Semen_Khanin won by resignation"]

1. e4 e5 2. Nf3 Nc6 3. Bb5 a6 4. Ba4 Nf6 5. O-O Nxe4 6. d4 Be7 7. Re1 b5 8. Rxe4 d5 9. Nxe5 Nxe5 10. Rxe5 bxa4 11. Qe1 Be6 12. b3 O-O 13. Ba3 Bxa3 14. Nxa3 Qd6 15. Nb1 c5 16. Nd2 cxd4 17. Nf3 d3 18. cxd3 axb3 19. axb3 Qb6 20. b4 h6 21. h3 Rfb8 22. Rc1 Qxb4 23. Rxe6 fxe6 24. Rc8+ Kf7 25. Qxb4 Rxb4 26. Rxa8 Ra4 27. d4 Kf6 28. g4 a5 29.
Kg2 Ra1 30. Ra7 Ra4 31. h4 g6 32. Kg3 g5 33. h5 Ra3 34. Rh7 1-0

[Event "*** Titled Tuesday Blitz"]
[Site "Chess.com"]
[Date "2020.10.27"]
[Round "3"]
[White "Ali_rastbod"]
[Black "BrandonJacobson"]
[Result "0-1"]
[WhiteElo "2599"]
[BlackElo "2948"]
[TimeControl "180+1"]
[EndTime "10:27:18 PDT"]
[Termination "BrandonJacobson won by resignation"]

1. c4 e5 2. Nc3 Nf6 3. Nf3 Nc6 4. e4 Bb4 5. d3 d6 6. a3 Bc5 7. b4 Bb6 8. Na4 Bd4 9. Nxd4 Nxd4 10. Be2 O-O 11. O-O c6 12. Nc3 a5 13. Rb1 b5 14.
cxb5 cxb5 15. Bg5 axb4 16. axb4 Be6 17. f4 Ra3 18. fxe5 dxe5 19. Rc1 Rxc3 20. Rxc3 Nxe2+ 21. Qxe2 Qd4+ 22. Qf2 Qxc3 23. Bxf6 gxf6 24. Qxf6 Rc8 25. h4 Kf8 26. h5 Qxd3 27. Qxe5 Rd8 28. Rf2 Qd1+ 29.
Kh2 Qd6 0-1

[Event "*** Titled Tuesday Blitz"]
[Site "Chess.com"]
[Date "2020.10.27"]
[Round "3"]
[White "MrChampion_Coach"]
[Black "littleplotkin"]
[Result "0-1"]
[WhiteElo "2428"]
[BlackElo "2692"]
[TimeControl "180+1"]
[EndTime "10:27:19 PDT"]
[Termination "littleplotkin won on time"]

1. d4 Nf6 2. c4 g6 3. Nc3 d5 4.
cxd5 Nxd5 5. Bd2 Bg7 6. e4 Nxc3 7. Bxc3 O-O 8. Bc4 Nd7 9. Ne2 a6 10. O-O b5 11. Bb3 Nf6 12. f3 Bb7 13. a4 Qc8 14. axb5 axb5 15. Qd3 Rd8 16. Qe3 Nd7 17. d5 Ne5 18. Nd4 Nc4 19. Qe2 Ba6 20. Rxa6 Qxa6 21. Nxb5 Qxb5 22. Bxc4 Qb6+ 23. Kh1 Bxc3 24. bxc3 Ra3 25.
Qd3 Qb2 26. Qd4 Qxc3 27. Qc5 Rd6 28. e5 Ra1 29. Qg1 Rxf1 30. Qxf1 Qxe5 31. f4 Qd4 32. f5 gxf5 33. h3 f4 34. Bb3 Qe3 35. Qd1 Rg6 36.
Bc2 Rg3 37. Qa1 f3 38. Qa8+ Kg7 39. Qa1+ f6 0-1

[Event "*** Titled Tuesday Blitz"]
[Site "Chess.com"]
[Date "2020.10.27"]
[Round "3"]
[White "pavelalexandru07"]
[Black "nochewycandy"]
[Result "0-1"]
[WhiteElo "2334"]
[BlackElo "2559"]
[TimeControl "180+1"]
[EndTime "10:27:19 PDT"]
[Termination "nochewycandy won by resignation"]

1. e4 g6 2. d4 Bg7 3. c4 d6 4.
Nc3 e5 5. Be3 exd4 6. Bxd4 Nf6 7. h3 Nc6 8. Be3 O-O 9. Nf3 Re8 10. Bd3 Nb4 11. Bb1 c6 12. a3 Na6 13. O-O Be6 14.
Bd3 Nc7 15. Qd2 d5 16. cxd5 cxd5 17. exd5 Nfxd5 18. Nxd5 Nxd5 19. Bd4 Bxd4 20. Nxd4 Qf6 21. Nxe6 fxe6 22. Be4 Rad8 23. Qc2 Kg7 24. Rad1 Rc8 25. Qb3 Re7 26. Bxd5 exd5 27. Qxd5 Qxb2 28. Rb1 Qxa3 29. Rxb7 Re8 30. Qe5+ Kg8 31. Qd5+ Kg7 32. Rb3 Qa6 33.
Qd4+ Kg8 34. Re3 Rxe3 35. fxe3 Qe6 36. Rf3 a6 37. Qb4 Qe7 38. Kh1 Qxb4 0-1

[Event "*** Titled Tuesday Blitz"]
[Site "Chess.com"]
[Date "2020.10.27"]
[Round "3"]
[White "Dedic8"]
[Black "deep306"]
[Result "1-0"]
[WhiteElo "2799"]
[BlackElo "2593"]
[TimeControl "180+1"]
[EndTime "10:27:20 PDT"]
[Termination "Dedic8 won by resignation"]

1. e4 e6 2. d4 d5 3. Nc3 Nf6 4.
Bg5 dxe4 5. Nxe4 Be7 6. Bxf6 gxf6 7. Nc3 b6 8. Qd2 Bb7 9. O-O-O Nd7 10. Nf3 f5 11.
Kb1 Nf6 12. Ne5 a6 13. Be2 Qd6 14. Qe3 Rf8 15. Bf3 O-O-O 16. Bxb7+ Kxb7 17. Qf3+ Nd5 18. Rhe1 Bf6 19. Ne2 Ka7 20. c4 Ne7 21. Nf4 c5 22.
dxc5 Qxe5 23. Rxe5 Bxe5 24. cxb6+ Kb8 25. Rxd8+ Rxd8 26. Nd3 Bd4 27. Qg3+ e5 28. Nxe5 Kb7 29. Nxf7 Rc8 30.
Nd6+ 1-0

[Event "*** Titled Tuesday Blitz"]
[Site "Chess.com"]
[Date "2020.10.27"]
[Round "3"]
[White "Sychev_Klementy"]
[Black "Karateloru"]
[Result "1-0"]
[WhiteElo "2859"]
[BlackElo "2662"]
[TimeControl "180+1"]
[EndTime "10:27:21 PDT"]
[Termination "Sychev_Klementy won by resignation"]

1. d4 Nf6 2. Nf3 e6 3. Bf4 d5 4.
e3 Bd6 5. Nbd2 Ne4 6. Bd3 f5 7. Ne5 O-O 8. O-O Nd7 9. Ndf3 Nxe5 10. Nxe5 g5 11. Bg3 Nxg3 12. hxg3 Bxe5 13. dxe5 g4 14. c4 c6 15. c5 Kg7 16. b4 Bd7 17. f4 h5 18. Kf2 h4 19. Rh1 Rh8 20. Qd2 Qe7 21. Qb2 hxg3+ 22. Kxg3 a5 23. bxa5 Qxc5 24. Rhe1 Qe7 25.
Rh1 Qc5 26. Rhe1 Bc8 27. a4 Rxa5 28. Kf2 b6 29. Rec1 Qe7 30. Rxc6 Qh4+ 31. Ke2 Qg3 32. Rc7+ Kg6 33. Bxf5+ 1-0

[Event "*** Titled Tuesday Blitz"]
[Site "Chess.com"]
[Date "2020.10.27"]
[Round "3"]
[White "LogoCzar"]
[Black "Paladin61"]
[Result "0-1"]
[WhiteElo "2393"]
[BlackElo "2603"]
[TimeControl "180+1"]
[EndTime "10:27:21 PDT"]
[Termination "Paladin61 won by resignation"]

1. e4 c5 2. Nf3 d6 3. d4 cxd4 4. Nxd4 Nf6 5. Nc3 a6 6. h3 g6 7. Be3 Bg7 8. g4 Nc6 9. Qd2 O-O 10. O-O-O Bd7 11. g5 Ne8 12. f4 Rc8 13. Kb1 Nc7 14. f5 b5 15. h4 b4 16. Nd5 Nxd5 17. Nxc6 Nc3+ 18. Qxc3 bxc3 19. Nxd8 Rfxd8 20. fxg6 hxg6 21. b3 Bg4 22. Rd5 Bf3 23. Rg1 Bxe4 24. Ra5 d5 25. Bxa6 Ra8 26. Ra4 d4 27. Bf4 e5 28. Bc1 Bc6 29. Ra3 Bf8 30. Ra5 Bb4 31. Rb5 Bxb5 32. Bxb5 e4 33. Bc4 d3 34. h5 d2 35. hxg6 d1=Q 36.
gxf7+ Kf8 37. Rxd1 Rxd1 38. g6 Ba3 0-1

[Event "*** Titled Tuesday Blitz"]
[Site "Chess.com"]
[Date "2020.10.27"]
[Round "3"]
[White "TimofeevAr"]
[Black "Rytenko_V"]
[Result "1-0"]
[WhiteElo "2779"]
[BlackElo "2536"]
[TimeControl "180+1"]
[EndTime "10:27:22 PDT"]
[Termination "TimofeevAr won by resignation"]

1. c4 e5 2. e3 d6 3. Nc3 g6 4. g3 Bg7 5. Bg2 c6 6. Nge2 Ne7 7. d4 O-O 8. O-O exd4 9. Nxd4 Nf5 10. Nce2 Re8 11. h3 Na6 12. Bd2 Nc5 13. Bc3 Ne4 14. Nxf5 Nxc3 15. Nxc3 Bxf5 16. Qd2 Qe7 17. Rad1 Rad8 18.
b3 Qe6 19. g4 Bxc3 20. Qxc3 Bxg4 21. hxg4 Qxg4 22. Qd4 Qg5 23. f4 Qh4 24. f5 Qg5 25.
Rf4 gxf5 26. Rdf1 Re5 27. R1f3 Rde8 28. Kf2 Kf8 29. Qxd6+ R8e7 30. Rg3 Qh5 31. Qf6 R7e6 32. Qg7+ Ke8 33. Qg8+ Ke7 34. Rd4 Kf6 35. Qg7+ Ke7 36. Qh8 1-0

[Event "*** Titled Tuesday Blitz"]
[Site "Chess.com"]
[Date "2020.10.27"]
[Round "3"]
[White "Zhigalko_Sergei"]
[Black "Khazieva_Elza"]
[Result "1-0"]
[WhiteElo "2898"]
[BlackElo "2471"]
[TimeControl "180+1"]
[EndTime "10:27:22 PDT"]
[Termination "Zhigalko_Sergei won by resignation"]

1. e4 c5 2. Nf3 d6 3. d4 cxd4 4. Qxd4 Nc6 5. Bb5 Bd7 6. Bxc6 bxc6 7. c4 e5 8. Qd3 h6 9. Nc3 Nf6 10. O-O Be7 11. c5 Bg4 12. h3 Bxf3 13. Qxf3 dxc5 14. Qg3 Qc7 15. Be3 g5 16. Rac1 Nh5 17. Qf3 Nf4 18. Na4 O-O 19. g3 Ng6 20. Nxc5 Qa5 21. a3 Qb5 22. Rc2 a5 23. Rfc1 Rfd8 24. Qf5 a4 25. Ne6 Rdc8 26. Kg2 c5 27. Nxc5 Bxc5 28. Bxc5 Ra6 29.
Qxc8+ 1-0

[Event "*** Titled Tuesday Blitz"]
[Site "Chess.com"]
[Date "2020.10.27"]
[Round "3"]
[White "ExtremeLearner"]
[Black "shineatchess"]
[Result "0-1"]
[WhiteElo "2357"]
[BlackElo "2183"]
[TimeControl "180+1"]
[EndTime "10:27:22 PDT"]
[Termination "shineatchess won by resignation"]

1. Nf3 d5 2. d4 Nf6 3. g3 e6 4.
Bg2 b5 5. O-O Bb7 6. a4 b4 7. c4 dxc4 8. Nbd2 c3 9. bxc3 bxc3 10. Nc4 a5 11. Qb3 Bd5 12. Qxc3 Bb4 13. Qc2 O-O 14. Bg5 Ra6 15. Nce5 h6 16. Bxf6 Qxf6 17. e4 Ba8 18. Rfd1 Rc8 19. Rac1 c5 20. d5 exd5 21. exd5 Rd6 22. Nc4 Rxd5 23. Ng5 Rxd1+ 24. Rxd1 hxg5 25. Bxa8 Nc6 26. Bxc6 Qxc6 27. Qf5 Re8 28. Qxg5 Qxa4 29. Qe3 Rxe3 0-1

[Event "*** Titled Tuesday Blitz"]
[Site "Chess.com"]
[Date "2020.10.27"]
[Round "3"]
[White "kakakz"]
[Black "Kavyev_Ruslan"]
[Result "1-0"]
[WhiteElo "2392"]
[BlackElo "2570"]
[TimeControl "180+1"]
[EndTime "10:27:23 PDT"]
[Termination "kakakz won by checkmate"]

1. d4 Nf6 2. c4 e6 3. Nf3 d5 4. g3 dxc4 5. Bg2 c6 6. a4 b5 7. Ne5 b4 8. O-O Nbd7 9. Bxc6 Ba6 10. Bf4 Rc8 11. a5 Bd6 12. Qa4 Bxe5 13. dxe5 Nd5 14. Rd1 Rc7 15. Bxd5 exd5 16. Qxb4 Rc5 17. Nc3 O-O 18.
Nxd5 Re8 19. Ne3 Qc8 20. Rxd7 Rb5 21. Qd2 Rxb2 22. Qxb2 Qxd7 23. Rd1 Qc6 24. Qc3 h6 25. h4 Rc8 26. Rd6 Qb5 27. Kh2 Qb1 28. Rxa6 Qa2 29. e6 Qxe2 30. exf7+ Kh8 31. Rxh6# 1-0